 Dungeon Crawl Stone Soup version 0.28.0-43-g3370ac3207 (webtiles) character file.

Game seed: 13097123293857748962

488 Revguard the Shield-Bearer (level 7, -1/55 HPs)
             Began as a Formicid Fighter on Mar 25, 2022.
             Slain by a lemure (4 damage)
             ... led by Pikel
             ... on level 5 of the Dungeon.
             The game lasted 00:15:43 (4616 turns).

Revguard the Shield-Bearer (Formicid Fighter)       Turns: 4616, Time: 00:15:43

Health: -1/55      AC:  9    Str: 20    XL:     7   Next: 36%
Magic:  7/7        EV: 10    Int:  8    God:
Gold:   150        SH:  5    Dex: 12    Spells: 6/6 levels left

rFire   . . .      SeeInvis +   d - +3 war axe
rCold   . . .      Faith    .   c - +0 buckler
rNeg    . . .      Spirit   .   b - +0 scale mail
rPois   .          Reflect  .   (helmet unavailable)
rElec   .          Harm     .   f - +1 cloak
rCorr   .          Rampage  .   (no gloves)
Will    .....                   (no boots)
Stlth   ..........              (no amulet)
HPRegen 0.18/turn               h - ring of flight
MPRegen 0.10/turn               (no ring)

@: flying
A: permanent stasis, dig shafts and tunnels, antennae 3, four strong arms
a: Dig, Shaft Self


You were on level 5 of the Dungeon.
You visited 2 branches of the dungeon, and saw 6 of its levels.

You collected 150 gold pieces.

Inventory:

Hand Weapons
 a - a +0 war axe
 d - a +3 war axe (weapon)
Armour
 b - a +0 scale mail (worn)
 c - a +0 buckler (worn)
 f - a +1 cloak (worn)
Jewellery
 h - a ring of flight (left hand)
Scrolls
 g - 2 scrolls of identify
 i - a scroll of enchant weapon {unknown}
Potions
 e - 2 potions of haste


   Skills:
 + Level 4.6 Fighting
 * Level 4.6 Axes
 + Level 4.5 Armour
 + Level 2.2 Dodging
 + Level 5.0 Shields


You had 6 spell levels left.
You didn't know any spells.
Your spell library was empty.

Dungeon Overview and Level Annotations

Branches:
Dungeon (5/15)             Temple (1/1) D:4

Altars:
Ashenzari
Gozag
Hepliaklqana
Kikubaaqudgha
Makhleb
Nemelex Xobeh
Sif Muna
Uskayaw
Vehumet
Wu Jian
The Shining One

Shops:
D:3 [(*:!   D:4 *

Annotations:
D:5 Pikel


Innate Abilities, Weirdness & Mutations

You cannot be hasted, slowed, berserked, paralysed or teleported.
You can dig through walls and to a lower floor.
You have a pair of large antennae on your head. (SInv)
Your four strong arms can wield two-handed weapons with a shield.


Message History

You slash the lemure! You hit the lemure but do no damage.
You hit the centaur skeleton. You hit the lemure but do no damage.
The centaur skeleton misses you.
The centaur skeleton closely misses you.
The lemure hits you. You block the lemure's attack. Pikel closely misses you.
The lemure hits you but does no damage. The centaur skeleton misses you.
The centaur skeleton kicks you but does no damage.
You closely miss Pikel.
Pikel is lightly wounded.
You slash the lemure! You slash the centaur skeleton!
You closely miss the lemure. x2; The lemure hits you but does no damage.
You block the lemure's attack.
Pikel hits you with a +2 whip of freezing.
Pikel freezes you. The lemure completely misses you.
The centaur skeleton hits you but does no damage.
The centaur skeleton closely misses you.
The lemure closely misses you.
You slash Pikel!
Pikel is moderately wounded.
You completely miss the lemure. You miss the lemure.
You hit the centaur skeleton. You closely miss the lemure.
The centaur skeleton closely misses you.
You block the centaur skeleton's attack.
Pikel hits you with a +2 whip of freezing.
Pikel freezes you. The lemure closely misses you. The lemure hits you. x2
The centaur skeleton hits you but does no damage.
The centaur skeleton kicks you but does no damage.
Pikel hits you with a +2 whip of freezing!
Pikel freezes you.
* * * LOW HITPOINT WARNING * * *
The lemure hits you.
* * * LOW HITPOINT WARNING * * *
The lemure closely misses you. The lemure hits you!
* * * LOW HITPOINT WARNING * * *
Press: ? - help, v - describe, . - travel
Here: a lemure The floor.
The lemure barely misses you. The lemure hits you but does no damage.
Pikel hits you but does no damage. The lemure hits you.
You die...

##.. #....##
####.....###..
####..#........
#.......##..#### ..
.........<..#..##.#
..................#
{
#.....55.)..####.##
#.....@Z5....###..#
{
#...#.5K.....#.#.##
. ###
##..>........Z###..
#..#..#...........
#..########........
...########.........
.......#............
..> #..............
.. ##.........####


You could see Pikel, 4 lemures and a centaur skeleton.

Vanquished Creatures
  An ice beast (D:3)
  An ogre (D:4)
  A hound (D:3)
  An orc priest (D:3)
  Crazy Yiuf (D:2)
  2 orc wizards
  The ghost of P0WERM0DE the Skirmisher, a weakling DsAK of Lugonu (D:3)
  3 gnolls (D:4)
  4 adders
  2 worms
  3 dart slugs
  4 orcs (D:3)
  9 ball pythons
  10 bats
  11 endoplasms
  4 giant cockroaches
  8 goblins
  10 hobgoblins
  2 jackals (D:2)
  A kobold (D:1)
  4 quokkas
  3 frilled lizards
  A quokka skeleton (D:4)
  5 rats
92 creatures vanquished.

Vanquished Creatures (others)
  2 plants (D:4)
2 creatures vanquished.

Grand Total: 94 creatures vanquished

Notes
Turn   | Place    | Note
-------+----------+-------------------------------------------
     0 | D:1      | Revguard the Formicid Fighter began the quest for the Orb.
     0 | D:1      | Reached XP level 1. HP: 18/18 MP: 1/1
   142 | D:1      | Reached XP level 2. HP: 23/24 MP: 2/2
   507 | D:1      | Reached XP level 3. HP: 25/26 MP: 3/3
   632 | D:1      | Reached skill level 4 in Shields
   848 | D:1      | Found a faded altar of an unknown god.
  1183 | D:2      | Reached XP level 4. HP: 35/35 MP: 4/4
  1308 | D:2      | Reached skill level 1 in Dodging
  1588 | D:2      | Found a runed translucent door.
  1589 | D:2      | Noticed Crazy Yiuf
  1822 | D:3      | Noticed an ice beast
  1854 | D:3      | Found a runed translucent gate.
  1855 | D:3      | Found a runed translucent gate.
  1855 | D:3      | Found a runed translucent gate.
  1855 | D:3      | Noticed P0WERM0DE's ghost (weakling DsAK)
  1929 | D:3      | Killed an ice beast
  1930 | D:3      | Reached XP level 5. HP: 22/42 MP: 5/5
  2101 | D:3      | Found a glowing golden altar of the Shining One.
  2113 | D:3      | Reached XP level 6. HP: 21/48 MP: 6/6
  2656 | D:3      | Found Eniabb's Antique Weapon Boutique.
  2691 | D:3      | Found Cusifugg's Book Shop.
  2725 | D:3      | Found Pesuiclac's Assorted Antiques.
  2804 | D:3      | Found Raosel's Distillery.
  2921 | D:3      | Found Gaocess's Antique Armour Shop.
  2991 | D:3      | Killed P0WERM0DE's ghost
  3131 | D:2      | Killed Crazy Yiuf
  3485 | D:4      | Found a staircase to the Ecumenical Temple.
  3492 | Temple   | Entered the Ecumenical Temple
  3745 | D:4      | Found Egimue's Fire Supplies.
  3755 | D:4      | Reached XP level 7. HP: 49/55 MP: 7/7
  3933 | D:4      | Found a sparkling altar of Nemelex Xobeh.
  4228 | D:5      | Entered Level 5 of the Dungeon
  4256 | D:5      | Noticed Pikel
  4513 | D:4      | Reached skill level 5 in Shields
  4616 | D:5      | Slain by a lemure

Illustrated notes

Levels and vault maps discovered:
D:1:      minmay_arrival_four_circles, layout_loops_ring,
          dreamdust_ecumenical_altar_statues, minmay_ruptured
D:2:      layout_basic, uniq_crazy_yiuf_cottage
D:3:      layout_basic, nicolae_overflow_crystal_walls, gammafunk_ghost_split,
          serial_shops, nicolae_shop_behind_doors, shop, shop,
          nicolae_square_shop, nicolae_shop_trees
D:4:      layout_rooms, nemelex_diamond_rough_becter,
          minmay_temple_entry_arrows, serial_bayou_pond_b,
          nicolae_shop_fire_sale [nicolae_sub_dead_trees], bh_walls_and_bars
D:5:      layout_cave_pools, gammafunk_ghost_cemetery, serial_gnoll_camp,
          gnoll_camp_huts_moat, gnoll_camp_mini_doghouse, gnoll_camp_mini_hut,
          gnoll_camp_mini_shop, minmay_shop_mayhem, kennysheep_nub,
          kennysheep_generic_room_3, uniq_duvessa, uniq_ijyb, uniq_pikel
Temple:   grunt_temple_mini_profane

Skill      XL: |  1  2  3  4  5  6  7 |
---------------+----------------------+-----
Shields        | 4 5 |  5.0
Dodging        | 1 2 |  2.2
Axes           | 3 4 |  4.6
Fighting       | 4 |  4.6
Armour         | 4 |  4.5

Action                   |  1- 3 |  4- 6 |  7- 9 || total
-------------------------+-------+-------+-------++-------
Melee: War axe           |    85 |   112 |    34 ||   231
 Abil: Dig               |     3 |       |       ||     3
  Use: Scroll            |     4 |       |       ||     4
       Potion            |     1 |     1 |       ||     2
Armor: Scale mail        |    51 |    49 |    20 ||   120
Dodge: Dodged            |    58 |    67 |    26 ||   151
Block: Buckler           |    24 |    30 |    12 ||    66
